 Dungeon Crawl Stone Soup version bcrawl-1.28.1b (webtiles) character file.

Game seed: 14515754496818262319

419089 Morbidden the Cruncher (level 11, -7/96 HPs)
             Began as a Mana Stalker Archaeologist on Dec 17, 2020.
             Was an Elder of Vehumet.
             Mangled by a salamander
             ... wielding a +0 glaive
              (8 damage)
             ... in a volcano on Dec 18, 2020.
             The game lasted 00:22:31 (8833 turns).

Morbidden the Cruncher (Mana Stalker Archaeologist) Turns: 8833, Time: 00:22:32

Health: -7/96      AC: 25    Str: 13    XL:     11   Next: 64%
Magic:  0/31       EV:  1    Int: 17    God:    Vehumet [****..]
Gold:   546        SH:  0    Dex: 18    Spells: 17/23 levels left

rFire    . . .     SeeInvis .   a - +9 staff of Wucad Mu {channel}
rCold    . . .     Gourm    .   (no shield)
rNeg     + + +     Faith    .   (armour currently unavailable)
rPois    +         Spirit   +   (helmet currently unavailable)
rElec    .         Reflect  .   (cloak currently unavailable)
rCorr    .         Harm     .   (gloves currently unavailable)
MR       ++...     NoTele   +   (boots currently unavailable)
Stlth    ++++......             r - amulet of guardian spirit
HPRegen  0.66/turn              z - ring of magical power
MPRegen  0.22/turn              s - +4 ring of dexterity

@: tree-form
A: giant, magic resistance 1, regeneration 1, no potion heal 3, rot immunity
a: Renounce Religion


You were in a volcano.
You worshipped Vehumet.
Vehumet was greatly pleased with you.
You were very hungry.
You were a tree.
You visited 2 branches of the dungeon, and saw 11 of its levels.
You also visited: Volcano.

You collected 776 gold pieces.
You spent 230 gold pieces at shops.

Inventory:

Hand Weapons
 a - the +9 staff of Wucad Mu (weapon) {channel}
   (You acquired it on level 2 of the Dungeon)
Missiles
 w - 99 poisoned tomahawks (quivered)
Armour
 d - a +1 pair of boots (melded)
 l - a +2 hat (melded)
 t - a +0 pair of gloves (melded)
 x - a +0 troll leather armour (melded)
 y - a +1 cloak (melded)
Jewellery
 r - an amulet of guardian spirit (around neck)
 s - a +4 ring of dexterity (right branch)
 u - an uncursed ring of protection from cold
 z - a ring of magical power (left branch)
 C - an uncursed ring of see invisible
Wands
 A - a wand of enslavement (9)
Scrolls
 f - 2 scrolls of enchant armour
 g - 2 scrolls of magic mapping
 i - 4 scrolls of amnesia
 n - 3 scrolls of remove curse
 o - 3 scrolls of teleportation
Potions
 b - a potion of magic {unknown}
 c - a potion of heal wounds {unknown}
 h - 2 potions of curing
 k - 2 potions of invisibility
 p - 3 potions of brilliance
 q - 3 potions of flight
 v - 3 potions of mutation
Comestibles
 e - 20 rations {!d}


   Skills:
 * Level 5.5 Fighting
   Level 2.2(5.7) Maces & Flails
 * Level 8.4(8.5) Staves
 + Level 2.6 Throwing
 * Level 3.6 Armour
 + Level 6.4 Dodging
 + Level 7.0 Stealth
 * Level 6.6 Spellcasting
 * Level 6.6 Conjurations
 * Level 3.3 Fire Magic
 * Level 0.5 Poison Magic
 * Level 5.3 Evocations


You had 17 spell levels left.
You knew the following spells:

 Your Spells              Type           Power        Failure   Level  Hunger
a - Flame Tongue          Conj/Fire      ###..        1%          1    None
b - Venom Bolt            Conj/Pois      ###.......   21%         5    #####..

Your spell library contained the following spells:

 Spells                   Type           Power        Failure   Level  Hunger
 Bolt of Fire             Conj/Fire      ###.......   52%         6    ######.
 Cause Fear               Hex            #.........   77%         4    ####...
 Dragon Form              Tmut           #......      100%        7    #######
 Dragon's Call            Summ           #.........   100%        9    #######
 Fire Storm               Conj/Fire      ###.......   100%        9    #######


Dungeon Overview and Level Annotations

Branches:
Dungeon (9/12)             Temple (0/1) D:5            Lair (2/6) D:7
  Swamp (0/3) Lair:2        Snake (0/3) Lair:2
    Orc: D:8-11

Altars:
Cheibriados
Elyvilon
Lugonu
Nemelex Xobeh
Qazlal
Ru
Sif Muna
Trog
Uskayaw
Vehumet
Xom
Yredelemnul
Zin

Shops:
D:8 =

Annotations:
D:4 3 runed translucent doors, Quickbrownfox's ghost, amateur DsVM


Innate Abilities, Weirdness & Mutations

((You have razor-sharp teeth.))
You are resistant to hostile enchantments. (MR+)
Your natural rate of healing is unusually fast.
((Your bite disrupts and absorbs the magic of your enemies.))
Potions cannot restore your health.
You are immune to rotting.
((Your bites deal extra damage.))


Message History

The air gets thick with the scent of sulphur.
The salamander hits you with a +0 glaive!
You are engulfed in flames!
* * * LOW HITPOINT WARNING * * *
The salamander mystic hits you but does no damage.
No path to travel!
You are feeling very hungry.
You hit the salamander but do no damage.
The salamander is heavily wounded.
The salamander hits you with a +0 glaive.
* * * LOW HITPOINT WARNING * * *
You are engulfed in flames!
* * * LOW HITPOINT WARNING * * *
The salamander mystic hits you but does no damage.
You hit the salamander.
The salamander is severely wounded.
The salamander hits you with a +0 glaive!
* * * LOW HITPOINT WARNING * * *
You are engulfed in flames!
You die...

≈§≈≈≈......#
≈§≈≈≈≈.....##
≈≈≈≈≈≈§§....#
§≈≈§§§§§....#
≈≈≈§§≈≈...###
≈≈§§≈≈§..## ≈≈≈§§...##
##### # §≈§≈≈...###
##...# .###
≈§≈§.....8###...♣#..8.#
≈≈§§........+).∩NNN._.#
§§§§.....8###....#..8.#
...§...#### ##...##.###
....#### ##### .# ##.##
# ###


You could see a salamander mystic and 2 salamanders.

Vanquished Creatures
  A salamander (Volcano)
  Joseph (D:8)
  An elephant (D:7)
  A gargoyle (D:8)
  A centaur zombie (D:8)
  A kobold demonologist (D:7)
  2 trolls
  A wolf spider simulacrum (D:8)
  A slime creature (D:8)
  Prince Ribbit (D:7)
  2 hippogriffs
  10 fire bats
  4 yaks (D:7)
  A wyvern (Lair:1)
  Menkaure (D:7)
  4 crocodiles
  3 water moccasins
  A porcupine (Lair:1)
  Duvessa (D:7)
  3 black bears (D:8)
  3 orc warriors
  An ice beast (D:5)
  2 phantoms
  3 sky beasts
  2 centaurs
  4 ogres
  8 bullfrogs
  A big kobold (D:6)
  Dowan (D:7)
  6 scorpions
  4 wights (D:7)
  A howler monkey (D:6)
  7 lava snakes (Volcano)
  2 bullfrog zombies
  2 jellies (D:7)
  10 orc wizards
  4 orc priests
  2 hounds
  2 iguanas
  4 worker ants
  Terence (D:2)
  A killer bee zombie (D:7)
  2 hound zombies (D:5)
  A hound skeleton (D:7)
  Robin (D:2)
  A worker ant zombie (D:5)
  4 gnolls
  10 adders
  2 oozes
  3 adder skeletons
  6 worms
  3 dart slugs
  3 leopard geckos
  25 orcs
  A ball python (D:2)
  3 giant cockroaches
  11 goblins
  18 hobgoblins
  8 jackals
  4 quokkas
  6 bats
  5 frilled lizards
  A jackal skeleton (D:4)
  19 kobolds
  7 rats
256 creatures vanquished.

Notes
Turn   | Place    | Note
-------+----------+-------------------------------------------
     0 | D:1      | Morbidden the Vine Stalker Archaeologist began the quest
                  | for the Orb.
     0 | D:1      | Reached XP level 1. HP: 11/11 MP: 2/2
    49 | D:1      | Reached skill level 1 in Maces & Flails
    97 | D:1      | Reached XP level 2. HP: 13/16 MP: 3/3
   189 | D:1      | Reached skill level 1 in Fighting
   505 | D:1      | Reached XP level 3. HP: 20/20 MP: 4/4
   918 | D:2      | Found a stormy altar of Qazlal.
  1083 | D:2      | Reached skill level 5 in Stealth
  1107 | D:2      | Noticed Robin
  1184 | D:2      | Killed Robin
  1185 | D:2      | Reached XP level 4. HP: 21/25 MP: 5/5
  1242 | D:2      | Noticed Terence
  1251 | D:2      | Killed Terence
  1555 | D:2      | Found a faded altar of an unknown god.
  1709 | D:2      | Reached XP level 5. HP: 30/30 MP: 6/6
  1709 | D:2      | Identified a scroll of acquirement
  1714 | D:2      | Found the +9 staff of Wucad Mu {channel}
  1784 | D:2      | Found a corrupted altar of Lugonu.
  2021 | D:3      | Found a bloodstained altar of Trog.
  2132 | D:3      | Found a radiant altar of Vehumet.
  2176 | D:3      | Became a worshipper of Vehumet
  2338 | D:3      | Reached skill level 1 in Staves
  2353 | D:3      | Reached skill level 1 in Spellcasting
  2353 | D:3      | Reached skill level 1 in Evocations
  2353 | D:3      | Gained mutation: You have razor-sharp teeth. [Vine Stalker
                  | growth]
  2353 | D:3      | Reached XP level 6. HP: 11/35 MP: 8/8
  3138 | D:4      | Reached skill level 2 in Staves
  3177 | D:4      | Reached * piety under Vehumet
  3177 | D:4      | Offered knowledge of Flame Tongue by Vehumet.
  3180 | D:4      | Learned a level 1 spell: Flame Tongue
  3405 | D:4      | Reached XP level 7. HP: 34/40 MP: 4/10
  3616 | D:4      | Found a runed translucent gate.
  3620 | D:4      | Found a runed translucent gate.
  3624 | D:4      | Found a runed translucent gate.
  3624 | D:4      | Identified the cursed +1 whip of Impermanence {drain, MR+
                  | Str-2 Dex+4}
  3624 | D:4      | Noticed Quickbrownfox's ghost (amateur DsVM)
  3832 | D:5      | Entered Level 5 of the Dungeon
  3843 | D:5      | Found a staircase to the Ecumenical Temple.
  3863 | D:5      | Found a shimmering altar of Xom.
  3973 | D:5      | Reached skill level 3 in Staves
  4055 | D:5      | Reached skill level 1 in Conjurations
  4067 | D:5      | Reached skill level 5 in Dodging
  4164 | D:5      | Gained mutation: Your bite disrupts and absorbs the magic
                  | of your enemies. [Mana Stalker growth]
  4164 | D:5      | Gained mutation: You are resistant to hostile enchantments.
                  | (MR+) [Mana Stalker growth]
  4164 | D:5      | Reached XP level 8. HP: 13/45 MP: 6/12
  4368 | D:5      | Reached skill level 4 in Staves
  4375 | D:5      | Reached skill level 1 in Armour
  4403 | D:5      | Reached ** piety under Vehumet
  4505 | D:5      | Found a sacrificial altar of Ru.
  4582 | D:6      | Found a faded altar of an unknown god.
  4582 | D:6      | Found a faded altar of an unknown god.
  4587 | D:6      | Found a sparkling altar of Nemelex Xobeh.
  4592 | D:6      | Found a glowing silver altar of Zin.
  4609 | D:6      | Found a basalt altar of Yredelemnul.
  4648 | D:6      | Offered knowledge of Sting by Vehumet.
  4659 | D:6      | Noticed a hippogriff
  4854 | D:6      | Found a hide-covered altar of Uskayaw.
  4920 | D:6      | Reached skill level 5 in Staves
  4970 | D:6      | Killed a hippogriff
  4971 | D:6      | Reached XP level 9. HP: 44/51 MP: 11/14
  5293 | D:6      | Found a snail-covered altar of Cheibriados.
  5462 | D:7      | Noticed a kobold demonologist
  5521 | D:7      | Noticed a sun demon
  5535 | D:7      | Reached skill level 6 in Staves
  5555 | D:7      | Offered knowledge of Stone Arrow by Vehumet.
  5686 | D:7      | Noticed an elephant
  5701 | D:7      | Killed an elephant
  5702 | D:7      | Reached skill level 1 in Throwing
  5702 | D:7      | Reached skill level 1 in Fire Magic
  5739 | D:7      | Reached *** piety under Vehumet
  5740 | D:7      | Reached XP level 10. HP: 52/57 MP: 14/17
  5850 | D:7      | Reached skill level 7 in Staves
  5887 | D:7      | Noticed Duvessa
  5895 | D:7      | Killed Duvessa
  5898 | D:7      | Noticed Dowan
  5912 | D:7      | Killed Dowan
  5939 | D:7      | Noticed Menkaure
  5955 | D:7      | Killed Menkaure
  6110 | D:7      | Noticed Prince Ribbit
  6116 | D:7      | Killed Prince Ribbit
  6470 | D:6      | Noticed a smoke demon
  6472 | D:6      | Noticed a rust devil
  6474 | D:7      | Killed a kobold demonologist
  6475 | D:7      | Reached skill level 5 in Conjurations
  6521 | D:7      | Reached skill level 5 in Spellcasting
  6572 | D:7      | Offered knowledge of Mephitic Cloud by Vehumet.
  6612 | D:7      | Found a staircase to the Lair.
  7090 | D:8      | Reached skill level 5 in Fighting
  7099 | D:8      | Reached XP level 11. HP: 53/63 MP: 20/20
  7195 | D:8      | Noticed Joseph
  7208 | D:8      | Killed Joseph
  7209 | D:8      | Reached skill level 5 in Evocations
  7223 | D:8      | Found Gisix's Jewellery Boutique.
  7252 | D:8      | Bought an uncursed ring of magical power for 230 gold
                  | pieces
  7359 | D:8      | Found a white marble altar of Elyvilon.
  7377 | D:8      | Reached **** piety under Vehumet
  7692 | D:9      | Noticed a death knight
  7769 | D:9      | Noticed an eight-headed hydra
  7797 | Lair:1   | Entered Level 1 of the Lair of Beasts
  7989 | Lair:1   | Found a shimmering blue altar of Sif Muna.
  8408 | Lair:2   | Offered knowledge of Venom Bolt by Vehumet.
  8409 | Lair:2   | Reached skill level 8 in Staves
  8420 | Lair:2   | Found a dark tunnel.
  8429 | Volcano  | Entered a volcano
  8668 | Volcano  | Learned a level 5 spell: Venom Bolt
  8734 | Volcano  | Noticed a salamander
  8747 | Volcano  | Killed a salamander
  8809 | Volcano  | Found a burning altar of Makhleb.
  8809 | Volcano  | Noticed a salamander
  8809 | Volcano  | Noticed a salamander mystic
  8809 | Volcano  | Noticed a salamander
  8833 | Volcano  | HP: 1/96 [salamander/+0 glaive (9)]
  8833 | Volcano  | Mangled by a salamander

Skill      XL: |  1  2  3  4  5  6  7  8  9 10 11 |
---------------+----------------------------------+-----
Maces & Flails | 1 2 |  2.2
Fighting       | 1 2 3 4 5 |  5.5
Dodging        | 4 5 6 |  6.4
Stealth        | 5 6 7 |  7.0
Staves         | 1 2 3 5 6 7 8 |  8.4
Spellcasting   | 1 2 3 4 5 6 |  6.6
Evocations     | 1 2 3 4 5 |  5.3
Conjurations   | 1 2 4 5 6 |  6.6
Armour         | 1 2 3 |  3.6
Throwing       | 1 2 |  2.6
Fire Magic     | 1 2 3 |  3.3
Poison Magic   | |  0.5

Action                   |  1- 3 |  4- 6 |  7- 9 | 10-12 || total
-------------------------+-------+-------+-------+-------++-------
Melee: Whip              |   196 |    73 |       |       ||   269
       Bite              |    12 |    12 |    70 |   102 ||   196
       Staff             |       |   128 |   249 |   316 ||   693
Throw: Tomahawk          |       |       |    23 |    80 ||   103
 Cast: Flame Tongue      |       |     3 |    28 |    75 ||   106
       Venom Bolt        |       |       |       |     2 ||     2
 Abil: Evoke Berserk Rag |     2 |     2 |       |       ||     4
Evoke: Staff of Wucad Mu |       |       |    19 |     1 ||    20
       Wand              |       |       |       |     2 ||     2
  Use: Scroll            |       |     2 |     2 |    11 ||    15
       Potion            |       |       |     1 |     1 ||     2
 Stab: Sleeping          |     2 |    13 |     2 |     6 ||    23
       Distracted        |     1 |       |     1 |       ||     2
  Eat: Chunk             |     6 |    16 |    16 |    13 ||    51
       Ration            |       |       |       |     2 ||     2
Armor: Robe              |    80 |    48 |     2 |       ||   130
       Scale mail        |       |       |   118 |    49 ||   167
       Troll leather arm |       |       |       |    93 ||    93
       Skin              |       |       |       |    15 ||    15
Dodge: Dodged            |   145 |   120 |   162 |   250 ||   677
